Map: Dash and Terminal LE (Void)

Players

Salvatore - Winner!

  • Race: Terran Terran
  • League: Silver

ScreaM

  • Race: Zerg Zerg
  • League: Silver

VOD

Have the link to the VOD?

Description

Time

  • Played on: Oct. 2, 2015, 6:26 p.m.
  • Length: 12:12
Show
View Real Time Build Order
Export as new Build Order

Salvatore Terran - Winner!

Build Orders: MMM Bio 

Get SALT Encoding   

  12  0:01  SCV  
  13  0:13  SCV  
  14  0:19  Supply Depot  
  14  0:25  SCV  
  15  0:40  SCV  
  16  0:46  Barracks  
  16  0:49  Refinery  
  16  0:52  SCV  
  17  1:04  SCV  
  18  1:17  SCV  
  20  1:35  Orbital Command  
  20  1:36  Reaper  
  20  1:47  Command Center  
  20  2:01  Supply Depot  
  20  2:03  SCV  
  21  2:11  Barracks Reactor  
  21  2:18  SCV  
  22  2:30  SCV  
  22  2:33  Factory  
  23  2:42  SCV  
  24  2:51  Refinery, Marine x2  
  26  2:54  SCV  
  27  3:02  Orbital Command  
  27  3:08  SCV, Supply Depot  
  28  3:20  Starport  
  28  3:22  SCV  
  29  3:28  Hellion x2  
  29  3:31  Bunker  
  29  3:32  SCV  
  35  3:34  SCV  
  35  3:39  Barracks Tech Lab  
  35  3:44  SCV  
  35  3:46  SCV  
  37  3:49  Hellion  
  37  3:50  Supply Depot  
  39  3:58  SCV  
  39  3:59  Hellion  
  42  4:04  SCV  
  43  4:10  SCV, Hellion  
  43  4:13  Supply Depot  
  43  4:16  SCV, Supply Depot  
  46  4:20  Liberator  
  46  4:22  SCV  
  47  4:25  Supply Depot  
  47  4:28  SCV  
  47  4:29  Hellion  
  50  4:32  Hellion  
  50  4:34  SCV  
  56  4:50  Supply Depot  
  56  4:51  SCV  
  57  4:53  SCV  
  57  4:54  Barracks Tech Lab  
  58  5:04  SCV  
  59  5:10  Hellion  
  59  5:11  Command Center  
  59  5:13  Supply Depot  
  63  5:14  Hellion, Liberator  
  63  5:17  SCV  
  63  5:18  SCV  
  65  5:29  SCV  
  69  5:36  SCV  
  69  5:40  Refinery  
  69  5:41  Refinery, Stimpack  
  69  5:42  Barracks  
  70  5:45  SCV, Barracks  
  71  5:52  Engineering Bay  
  71  5:53  Engineering Bay  
  71  5:55  SCV  
  72  6:00  Barracks  
  72  6:05  Barracks  
  72  6:06  Factory Reactor  
  72  6:08  Marine  
  72  6:09  Unknown  
  73  6:13  SCV x2  
  74  6:23  Supply Depot  
  74  6:25  Supply Depot, SCV  
  74  6:26  SCV  
  74  6:27  Terran Infantry Weapons Level 1, Terran Infantry Armor Level 1  
  76  6:38  SCV, Barracks  
  76  6:39  Barracks  
  77  6:49  SCV  
  77  6:50  SCV  
  77  6:52  Orbital Command  
  79  6:57  Combat Shields, Supply Depot  
  79  6:58  Barracks Reactor x2  
  79  7:01  Marine x2  
  79  7:05  SCV  
  79  7:07  SCV  
  83  7:09  Factory Tech Lab  
  82  7:18  SCV  
  82  7:19  SCV  
  82  7:22  Supply Depot  
  84  7:26  Orbital Command  
  84  7:30  SCV, Armory  
  84  7:31  SCV  
  84  7:33  Barracks Tech Lab  
  86  7:40  Missile Turret  
  86  7:41  Missile Turret  
  86  7:42  SCV  
  86  7:43  SCV  
  88  7:45  Marine  
  88  7:46  Marine x4  
  88  7:47  Marine  
  94  7:54  SCV x2  
  94  7:55  SCV  
  94  8:01  Barracks Reactor  
  94  8:02  Concussive Shells  
  94  8:03  Medivac x2  
  98  8:06  SCV  
  98  8:07  Bunker, Missile Turret  
  98  8:09  SCV  
  97  8:16  Supply Depot, SCV  
  98  8:20  Supply Depot  
  98  8:21  Terran Vehicle And Ship Armor Level 1  
  98  8:25  Marine x8  
  106  8:33  SCV x2, Medivac  
  110  8:35  Refinery  
  110  8:41  Marine  
  110  8:42  Marine  
  110  8:43  Command Center, Supply Depot, Marine  
  110  8:45  Medivac  
  113  8:51  SCV  
  113  8:55  Marine x7  
  115  9:00  Marine  
  115  9:01  Marine x3  
  119  9:03  Medivac  
  119  9:04  SCV  
  119  9:07  SCV  
  123  9:14  Refinery x2  
  123  9:15  SCV  
  124  9:17  Terran Infantry Weapons Level 2, Missile Turret  
  124  9:20  SCV  
  125  9:27  Marine x2  
  125  9:28  Missile Turret, Marine x2  
  125  9:31  Medivac  
  125  9:33  SCV  
  125  9:36  Terran Infantry Armor Level 2  
  126  9:45  Marine x5  
  128  9:51  Marine x3  
  130  9:57  SCV  
  130  9:58  Marine  
  132  10:01  Missile Turret  
  132  10:02  Missile Turret  
  132  10:14  Marine x7  
  132  10:17  Supply Depot  
  132  10:19  Marine  
  132  10:20  Medivac, Marine x2  
  132  10:21  Medivac  
  146  10:30  Marauder  
  148  10:35  Barracks  
  148  10:38  Marauder x2  
  148  10:39  Marine x6  
  158  10:45  SCV x2  
  158  10:46  Planetary Fortress  
  160  10:53  Marine  
  160  10:54  Marine x2  
  163  10:57  Marine x3  
  163  11:00  Marine  
  163  11:01  Medivac x2  
  163  11:02  Marine  
  173  11:07  Marine  
  173  11:10  Marine  
  160  11:11  Marine  
  160  11:12  Marine  
  160  11:15  Marine x3  
  160  11:17  Marine  
  160  11:20  Marine  
  160  11:25  Marine  
  151  11:27  Marine  
  151  11:29  Marine x2  
  155  11:32  Marine x2  
  155  11:33  Marine  
  155  11:37  Marine  
  159  11:44  Marine x2  
  159  11:45  Marine  
  161  11:47  Marine x2  
  161  11:50  Marine x2  
  161  11:51  Missile Turret, Marine  
  148  11:57  Missile Turret  
Show
View Real Time Build Order
Export as new Build Order

ScreaM Zerg 

Build Orders: Hatch First, Muta Ling Bane 

Get SALT Encoding   

  12  0:01  Drone  
  13  0:12  Drone  
  14  0:19  Overlord  
  14  0:37  Drone x2  
  14  0:38  Drone  
  17  0:48  Drone  
  18  1:00  Hatchery  
  18  1:03  Drone  
  18  1:16  Spawning Pool  
  17  1:20  Drone, Extractor  
  17  1:28  Drone  
  18  1:36  Overlord  
  18  2:03  Zergling x4  
  18  2:04  Queen  
  18  2:08  Zergling x2  
  23  2:12  Queen  
  23  2:14  Drone  
  26  2:20  Metabolic Boost  
  26  2:33  Overlord  
  26  2:36  Zergling x4  
  28  2:44  Drone x2  
  28  2:48  Overlord  
  30  3:01  Drone x2  
  30  3:02  Drone  
  33  3:17  Drone x2  
  33  3:18  Drone  
  36  3:25  Drone x2  
  38  3:30  Hatchery  
  37  3:34  Drone x4  
  37  3:38  Zergling x2  
  42  3:44  Zergling x2  
  42  3:45  Zergling x2  
  42  3:48  Queen  
  46  3:58  Overlord x2  
  44  4:10  Zergling x2  
  44  4:11  Zergling x10  
  47  4:21  Evolution Chamber  
  46  4:27  Lair  
  46  4:31  Extractor  
  45  4:32  Overlord  
  45  4:33  Extractor  
  45  4:34  Drone x6, Extractor  
  49  4:43  Queen  
  49  4:44  Drone x2  
  49  4:45  Drone  
  54  4:53  Baneling Nest  
  54  4:59  Spine Crawler  
  52  5:12  Drone x7  
  59  5:15  Drone x2, Extractor  
  59  5:17  Extractor  
  59  5:32  Overseer  
  59  5:34  Drone x2  
  59  5:35  Drone x4  
  65  5:43  Spire  
  65  5:45  Drone x3  
  67  6:00  Drone x6  
  73  6:04  Overlord  
  73  6:06  Overlord  
  73  6:16  Overlord x2  
  69  6:29  Spore Crawler  
  69  6:30  Spore Crawler x2  
  66  6:33  Spore Crawler  
  66  6:37  Baneling x6  
  61  7:14  Mutalisk x5  
  61  7:15  Mutalisk  
  71  7:21  Mutalisk  
  70  7:23  Mutalisk  
  72  7:36  Mutalisk x2  
  74  7:43  Mutalisk  
  78  7:58  Mutalisk  
  78  7:59  Mutalisk x2  
  84  8:19  Drone x4  
  88  8:22  Hatchery  
  87  8:32  Overseer  
  87  8:35  Drone x5  
  92  8:58  Mutalisk x2  
  92  8:59  Mutalisk x7  
  110  9:05  Zergling x8  
  110  9:07  Overlord  
  114  9:17  Overlord x2  
  114  9:36  Mutalisk x3  
  114  9:37  Mutalisk x2  
  112  9:51  Zergling x6  
  112  9:52  Zergling x14  
  120  9:59  Centrifical Hooks  
  120  10:07  Drone  
  120  10:08  Drone x8  
  120  10:12  Baneling x3  
  120  10:13  Baneling x8  
  120  10:14  Baneling  
  129  10:20  Pneumatized Carapace  
  129  10:22  Zergling x6  
  129  10:23  Zergling x4  
  134  10:30  Overseer  
  134  10:32  Overlord x2  
  134  10:33  Overlord x2  
  134  10:42  Hatchery  
  133  11:03  Mutalisk  
  133  11:04  Mutalisk x4  
  129  11:12  Zergling x2  
  129  11:13  Zergling x30  
  138  11:20  Zergling x4  
  138  11:21  Zergling x4  
  132  11:34  Baneling x4  
  132  11:35  Baneling x14  
  132  11:38  Overlord x3  
Tags
 
Add a new tag
Caveats
  • Supply blocks, unpowered buildings, or Contaminate may cause inaccurate times.
  • Supply counts are checked every 10 seconds.